Map: Ephemeron LE

Players

GeNieS

  • Race: Protoss Protoss
  • League: Grandmaster
  • Spawn Location: 11:00

printf - Winner!

  • Race: Protoss Protoss
  • Spawn Location: 5:00

VOD

Have the link to the VOD?

Description

Time

  • Played on: Oct. 20, 2019, 2:27 p.m.
  • Length: 4:55
Show
View Real Time Build Order
Export as new Build Order

GeNieS Protoss 

Build Orders:  

Get SALT Encoding   

  12  0:00  Probe  
  13  0:13  Pylon  
  13  0:19  Probe  
  14  0:34  Gateway, Probe  
  15  0:47  Forge  
  15  0:51  Probe  
  16  1:03  Probe  
  17  1:11  Pylon  
  17  1:17  Assimilator  
  17  1:19  Probe  
  17  1:21  Assimilator  
  17  1:22  Cybernetics Core  
  18  1:31  Probe (Chrono Boost)  
  18  1:32  Pylon  
  20  1:41  Probe (Chrono Boost)  
  20  1:46  Probe (Chrono Boost)  
  21  1:58  Probe  
  21  2:00  Warp Gate  
  22  2:10  Probe  
  22  2:12  Nexus  
  23  2:22  Pylon  
  23  2:31  Twilight Council  
  23  2:33  Stalker  
  25  2:37  Probe  
  26  2:51  Gateway  
  26  2:57  Gateway  
  26  3:04  Pylon  
  26  3:15  Probe  
  26  3:19  Stalker (Chrono Boost)  
  29  3:24  Probe  
  30  3:31  Pylon  
  28  3:43  Pylon  
  28  3:51  Stalker  
  28  3:52  Stalker  
  30  3:59  Stalker  
  29  4:14  Pylon  
  29  4:16  Pylon  
  29  4:18  Pylon  
  29  4:22  Stalker  
  31  4:28  Pylon  
  27  4:32  Pylon  
  27  4:35  Pylon  
  25  4:42  Pylon  
  25  4:43  Pylon  
Show
View Real Time Build Order
Export as new Build Order

printf Protoss - Winner!

Build Orders:  

Get SALT Encoding   

  12  0:00  Probe  
  13  0:13  Probe  
  14  0:17  Pylon  
  14  0:25  Probe  
  15  0:37  Gateway  
  15  0:45  Forge  
  15  0:48  Probe (Chrono Boost)  
  16  0:59  Assimilator  
  16  1:00  Probe (Chrono Boost)  
  17  1:09  Probe (Chrono Boost)  
  18  1:12  Assimilator  
  18  1:19  Photon Cannon  
  18  1:29  Cybernetics Core  
  18  1:33  Probe  
  19  1:43  Pylon  
  19  1:48  Probe  
  20  1:54  Zealot  
  20  2:01  Probe  
  23  2:05  Stargate  
  23  2:13  Probe  
  24  2:18  Shield Battery  
  24  2:29  Pylon  
  24  2:30  Probe  
  25  2:46  Void Ray (Chrono Boost)  
  29  2:55  Pylon  
  29  3:03  Probe  
  30  3:06  Stalker  
  31  3:16  Pylon  
  31  3:18  Void Ray (Chrono Boost)  
  31  3:23  Probe  
  36  3:54  Void Ray (Chrono Boost)  
  40  4:06  Stalker  
  40  4:24  Probe  
Tags
 
Matchup
PvP
Spawn Locations
Cross Positions
Add a new tag
Caveats
  • Supply blocks, unpowered buildings, or Contaminate may cause inaccurate times.
  • Supply counts are checked every 10 seconds.